 Dungeon Crawl Stone Soup version 0.28-a0-1506-g3893175d92 (webtiles) character file.

Game seed: 2917163711345310308

7 HallandMoats the Skirmisher (level 1, -1/18 HPs)
             Began as a Demonspawn Fighter on Jan 14, 2022.
             Was a High Priest of Ignis.
             Slain by a quokka (2 damage)
             ... on level 1 of the Dungeon.
             The game lasted 00:00:24 (294 turns).

HallandMoats the Skirmisher (Demonspawn Fighter)     Turns: 294, Time: 00:00:25

Health: -1/18      AC:  6    Str: 16    XL:     1   Next: 91%
Magic:  1/1        EV:  8    Int:  9    God:    Ignis [*****.]
Gold:   36         SH:  4    Dex: 12    Spells: 0/0 levels left

rFire   + . .      SeeInvis .   a - +0 war axe
rCold   . . .      Faith    .   c - +0 buckler
rNeg    . . .      Spirit   .   b - +0 scale mail
rPois   .          Reflect  .   (no helmet)
rElec   .          Harm     .   (no cloak)
rCorr   .          Rampage  .   (no gloves)
Will    .....                   (no boots)
Stlth   ..........              (no amulet)
HPRegen 0.06/turn               (no ring)
MPRegen 0.07/turn               (no ring)

@: no status effects
A: no striking features
a: Renounce Religion, Fiery Armour, Foxfire Swarm, Rising Flame


You were on level 1 of the Dungeon.
You worshipped Ignis.
Ignis was extremely pleased with you.
You visited 1 branch of the dungeon, and saw 1 of its levels.

You collected 36 gold pieces.

Inventory:

Hand Weapons
 a - a +0 war axe (weapon)
Armour
 b - a +0 scale mail (worn)
 c - a +0 buckler (worn)
Scrolls
 g - a scroll of amnesia {unknown}
Potions
 d - a potion of might
 e - a potion of heal wounds {unknown}
 f - a potion of attraction {unknown}


   Skills:
 * Level 3.1 Fighting
 * Level 1.9 Axes
 + Level 2.7 Armour
 + Level 0.2 Dodging
 * Level 2.8 Shields


You couldn't memorise any spells.
You didn't know any spells.
Your spell library was empty.

Dungeon Overview and Level Annotations

Branches:
Dungeon (1/15)

Altars:
Ignis


Message History

There are no items here.
There are no items here.
There are no items here.
There are no items here.
There are no items here.
The quokka twitches its whiskers.
The quokka bites you.
The quokka bites you but does no damage.
The quokka bites you but does no damage.
The quokka barely misses you. The quokka closely misses you.
The quokka bites you but does no damage.
The quokka bites you but does no damage.
The quokka barely misses you. The quokka closely misses you.
The quokka bites you. The quokka misses you. You block the quokka's attack.
The quokka bites you. The quokka closely misses you. The quokka bites you.
The quokka barely misses you.
The quokka bites you but does no damage.
The quokka bites you but does no damage.
You block the quokka's attack. The quokka closely misses you.
You block the quokka's attack. The quokka barely misses you.
The quokka bites you. The quokka closely misses you.
The quokka barely misses you. The quokka bites you.
* * * LOW HITPOINT WARNING * * *
You block the quokka's attack. x2
You block the quokka's attack.
The quokka bites you but does no damage.
The quokka closely misses you. The quokka bites you.
* * * LOW HITPOINT WARNING * * *
The quokka bites you.
* * * LOW HITPOINT WARNING * * *
The quokka bites you.
You die...

# ############## ...
.............#####.....
...........#.♣.@r......
...........#♣.♣....####
...........♣♣.♣....#
...........♣..♣..♣.+
...........♣.♣♣.♣♣.#
...........♣. #.♣.♣#
########.##♣.♣♣♣♣. #
#######.##♣..♣♣. .
......†.)..♣.♣.♣


You could see a quokka.

Vanquished Creatures
  A bat (D:1)
  An endoplasm (D:1)
  A giant cockroach (D:1)
  A kobold (D:1)
  A frilled lizard (D:1)
  2 rats (D:1)
7 creatures vanquished.

Notes
Turn   | Place    | Note
-------+----------+-------------------------------------------
     0 | D:1      | HallandMoats the Demonspawn Fighter began the quest for the
                  | Orb.
     0 | D:1      | Reached XP level 1. HP: 18/18 MP: 1/1
   157 | D:1      | Found a faded altar of an unknown god.
   178 | D:1      | Prayed at the altar of an unknown god.
   178 | D:1      | Became a worshipper of Ignis, the Dying Flame
   294 | D:1      | Slain by a quokka

Illustrated notes

Levels and vault maps discovered:
D:1:      matt_arrival_diagonals, layout_basic,
          shapermc_ecumenical_altar_totnotflames

Action                   || total
-------------------------++-------
Melee: War axe           ||    19
Armor: Scale mail        ||    18
Dodge: Dodged            ||    25
Block: Buckler           ||    12

Table legend: (Time is in decaauts)
 A = Elapsed time spent in this place.
 B = Non-inter-level travel time spent in this place.
 C = Inter-level travel time spent in this place.
 D = Time resting spent in this place.
 E = Time spent auto-exploring this place.
 F = Levels seen in this place.
 G = Mean time per level.
                   A        B        C        D        E       F      G
               +--------+--------+--------+--------+--------+-----+--------+
         Total |    303 |    303 |      0 |      0 |    220 |   1 |  303.0 |
       Dungeon |    303 |    303 |      0 |      0 |    220 |   1 |  303.0 |
               +--------+--------+--------+--------+--------+-----+--------+

Top non-repeatable levels by time:
     D:1: 303 daAuts
